 Dungeon Crawl Stone Soup version 0.18-a0-1764-gf4ddf0b (webtiles) character file.

18 M4edhros the Skirmisher (level 2, -2/32 HPs)
             Began as an Ogre Wanderer on Apr 13, 2016.
             Slain by a dart slug (3 damage)
             ... on level 1 of the Dungeon.
             The game lasted 00:01:04 (1027 turns).

M4edhros the Skirmisher (Ogre Wanderer)             Turns: 1027, Time: 00:01:04

Health: -2/32      AC:  3    Str: 13    XL:     2   Next: 66%
Magic:  2/2        EV:  8    Int: 11    God:
Gold:   9          SH:  8    Dex: 12    Spells: 0 memorised, 1 level left

rFire  . . .     SeeInvis .     (no weapon)
rCold  . . .     Gourm    .     d - +0 robe
rNeg   . . .     Faith    .     a - +0 shield
rPois  .         Spirit   .     (helmet restricted)
rElec  .         Dismiss  .     (no cloak)
rCorr  .         Reflect  .     (gloves unavailable)
SustAt .         Harm     .     (boots unavailable)
MR     .....                    (no amulet)
Stlth  +.........               (no ring)
                                (no ring)

@: not resistant to hostile enchantments, very unstealthy
A: unfitting armour, tough skin 1
a: no special abilities


You were on level 1 of the Dungeon.
You were hungry.

You visited 1 branch of the dungeon, and saw 1 of its levels.

You collected 9 gold pieces.

Inventory:

Armour
 a - a +0 shield (worn)
 d - a +0 robe (worn)
Scrolls
 e - a scroll of random uselessness {unknown}
 h - 2 scrolls of identify {unknown}
 i - a scroll of fear {unknown}
Books
 b - the Incunabulum of Companions

   Spells                             Type                      Level
   a - Summon Small Mammal            Summoning                    1
   b - Call Canine Familiar           Summoning                    3
Comestibles
 f - 2 bread rations
 g - 2 fruits


   Skills:
 - Level 4.0 Fighting
 - Level 1.7 Dodging
 + Level 2.8 Shields
   Level 1.3 Earth Magic
   Level 1.0 Poison Magic


You had one spell level left.
You didn't know any spells.

Dungeon Overview and Level Annotations

Branches:
Dungeon (1/15)

Altars:


Innate Abilities, Weirdness & Mutations

You are too large for most types of armour.
You have tough skin (AC +1).


Message History

You hit the dart slug.
The dart slug is almost dead.
The dart slug launches a dart at you. You block the slug dart.
You hit the dart slug but do no damage.
The dart slug is almost dead.
You block the dart slug's attack.
You hit the dart slug but do no damage.
The dart slug is almost dead.
Your shield prevents you from hitting the dart slug.
The dart slug is almost dead.
The dart slug bites you but does no damage.
You hit the dart slug but do no damage.
The dart slug is almost dead.
The dart slug bites you.
* * * LOW HITPOINT WARNING * * *
You hit the dart slug.
The dart slug is almost dead.
The dart slug bites you.
You die...

.##'#### #....#########.# #.#
.......###.##.##........# #####.#
.......'.#.##[#.........###.....#
.......#.#.##.#..........##.#####
.......#.#.##.##..†....####.#
#......#.#.#..#........# #.#
#......#.#.#.##..#+########.#####
#......#'#.#.##.w..# #.........
#..........#.###@### #.#######.
....##.....#.....# #.# #.
######.....#####.# #####.##### #.
# #.....# ### #.........# ## ###
#.....# #.........# # ..# #.....#
#.........# #≈ #.# #.....#
#..w......##≈≈ #.# #.....#
#.........#≈≈≈ #.# #.....#
#........≈≈≈≈#


You could see a dart slug.

Vanquished Creatures
  An ooze (D:1)
  A dart slug (D:1)
  A bat (D:1)
  A goblin (D:1)
  3 hobgoblins (D:1)
  2 giant newts (D:1)
  A kobold (D:1)
  2 rats (D:1)
12 creatures vanquished.

Notes
Turn   | Place    | Note
--------------------------------------------------------------
     0 | D:1      | M4edhros the Ogre Wanderer began the quest for the Orb.
     0 | D:1      | M4edhros set off with: a +0 shield, the Incunabulum of Companions, a potion of curing, a +0 robe, a +0 club, a bread ration
     0 | D:1      | Reached XP level 1. HP: 24/24 MP: 1/1
     9 | D:1      | Identified the Incunabulum of Companions
   249 | D:1      | Reached XP level 2. HP: 22/32 MP: 2/2
  1008 | D:1      | HP: 1/32 [goblin (2)]
  1026 | D:1      | HP: 1/32 [dart slug (2)]
  1027 | D:1      | Slain by a dart slug

Vault maps used:
D:1:      lemuel_arrival_river_ford

Skill      XL: |  1 |
---------------+----+-----
Shields        | 2 |  2.8
Fighting       | |  4.0
Dodging        | |  1.7
Earth Magic    | |  1.3
Poison Magic   | |  1.0

Action                   || total
-------------------------++-------
Melee: Unarmed           ||   147
  Use: Potion            ||     1
 Stab: Sleeping          ||     1
Armor: Robe              ||    27
Dodge: Dodged            ||    45
Block: Shield            ||    55
